 Dungeon Crawl Stone Soup version 0.26-a0-83-g7ccd015ce0 (webtiles) character file.

Game seed: 12945775942441070273

378 bmfx the Stinger (level 6, -10/28 HPs)
             Began as a Vine Stalker Venom Mage on June 16, 2020.
             Shot with an arrow by a centaur (12 damage)
             ... on level 5 of the Dungeon.
             The game lasted 00:11:29 (4304 turns).

bmfx the Stinger (Vine Stalker Venom Mage)          Turns: 4304, Time: 00:11:29

Health: -10/28     AC:  3    Str: 13    XL:     6   Next: 74%
Magic:  0/13       EV: 12    Int: 15    God:
Gold:   139        SH:  0    Dex: 14    Spells: 4/13 levels left

rFire    . . .     SeeInvis .   h - +0 dagger
rCold    . . .     Gourm    .   (no shield)
rNeg     . . .     Faith    .   a - +0 robe
rPois    .         Spirit   +   m - +0 helmet
rElec    .         Reflect  .   (no cloak)
rCorr    .         Harm     .   (no gloves)
MR       .....                  (no boots)
Stlth    ++........             (no amulet)
HPRegen  0.49/turn              (no ring)
MPRegen  0.13/turn              (no ring)

@: hasted, very quick
A: fangs 2, regeneration 1, magic shield, antimagic bite, no potion heal 3, rot
immunity
a: no special abilities


You were on level 5 of the Dungeon.
You were hungry.

You visited 1 branch of the dungeon, and saw 5 of its levels.

You collected 139 gold pieces.


Innate Abilities, Weirdness & Mutations

You have extremely sharp teeth.
Your natural rate of healing is unusually fast.
When hurt, damage is shared between your health and your magic reserves.
Your bite disrupts and absorbs the magic of your enemies.
Potions cannot restore your health.
You are immune to rotting.

Dungeon Overview and Level Annotations

Branches:
Dungeon (5/15)
 Temple: D:4-7

Altars:

Annotations:
D:4 3 runed translucent doors, whitenoisemaker's ghost, amateur DrTm
D:5 exclusion: zombie


   Skills:
 - Level 1.5 Dodging
 - Level 2.4 Stealth
 - Level 4.0 Spellcasting
 + Level 1.7 Conjurations
 - Level 1.0 Transmutations
 - Level 2.0 Air Magic
 + Level 5.7 Poison Magic


You had 4 spell levels left.
You knew the following spells:

 Your Spells              Type           Power        Failure   Level  Hunger
A - Sting                 Tmut/Pois      ##..         4%          1    None
B - Poisonous Vapours     Pois/Air       ##....       5%          2    ##.....
C - Ignite Poison         Fire/Tmut/Pois #.......     22%         3    ###....
D - Mephitic Cloud        Conj/Pois/Air  ##......     16%         3    ###....

Your spell library contained the following spells:

 Spells                   Type           Power        Failure   Level  Hunger
 Olgreb's Toxic Radiance  Pois           ###.....     17%         4    ####...

Action                   |  1- 3 |  4- 6 || total
-------------------------+-------+-------++-------
Melee: Dagger            |     7 |    19 ||    26
       Bite              |       |     4 ||     4
 Cast: Sting             |    13 |       ||    13
       Poisonous Vapours |    55 |    38 ||    93
       Ignite Poison     |       |     1 ||     1
  Use: Scroll            |     5 |     5 ||    10
       Potion            |       |     2 ||     2
  Eat: Chunk             |     9 |     6 ||    15
Armor: Robe              |     3 |     1 ||     4
Dodge: Dodged            |     9 |    14 ||    23

Skill      XL: |  1  2  3  4  5  6 |
---------------+-------------------+-----
Spellcasting   | 3 4 |  4.0
Poison Magic   | 4 5 |  5.7
Air Magic      | 1 2 |  2.0
Conjurations   | 1 |  1.7
Dodging        | |  1.5
Stealth        | |  2.4
Transmutations | |  1.0

Inventory:

Hand Weapons
 h - a +0 dagger (weapon)
 j - a +0 dagger
Armour
 a - a +0 robe (worn)
 g - a +0 tower shield
 k - a +1 plate armour
 m - a +0 helmet (worn)
Scrolls
 d - 2 scrolls of enchant armour
 f - a scroll of blinking {@r2}
 i - 2 scrolls of teleportation {@r1}
 n - a scroll of remove curse {@r4}
Potions
 e - a potion of berserk rage {unknown}
 l - a potion of resistance {unknown}
 o - a potion of stabbing {unknown}
Comestibles
 c - 7 rations

#.# #.#
#.########
#.#......#
#c#.####.#
#.#.#....#
#.#.##...#
#@#.##...#
#(#.##...#
#.#.##...###
#(#.......<#
#.######.###
#.>......#
##########


You could see a centaur.

Vanquished Creatures
  An ogre (D:4)
  Blork the orc (D:4)
  A howler monkey (D:4)
  An orc priest (D:5)
  A hound (D:4)
  An orc wizard (D:4)
  4 adders
  An adder skeleton (D:4)
  3 worms
  A dart slug (D:2)
  6 orcs (D:4)
  A giant cockroach (D:2)
  4 goblins
  6 hobgoblins
  4 quokkas
  2 ball pythons
  7 bats
  3 frilled lizards
  7 kobolds
  A quokka skeleton (D:4)
  8 rats
64 creatures vanquished.

Levels and vault maps discovered:
D:1:      dpeg_arrival_shrine, layout_rooms, chequers_big_river,
          chequers_avenue, item_on_display_a
D:2:      layout_basic, kennysheep_generic_room_11
D:3:      layout_rooms, ashenzari_conservatory_becter, gup_sewer_entry_bubbles
D:4:      layout_rooms, ebering_ghost_rock_garden, first_ration,
          uniq_blork_the_orc
D:5:      layout_basic


Message History

Press: ? - help, Dir - move target cursor, f/p - worm
Aim: a worm (severely wounded, very poisoned) Poisonous vapours surround the worm!
The worm is engulfed in poison gas.
The worm looks even sicker.
You kill the worm!
You start resting.
You are feeling hungry.
A centaur comes into view.
The centaur shouts!
The centaur wields a +0 shortbow.
The centaur shoots an arrow.
The arrow hits you!
You see here an arrow.
The centaur shoots an arrow.
The arrow hits you!
The centaur shoots an arrow.
The arrow hits you!
* * * LOW HITPOINT WARNING * * *
You see here an arrow.
You feel yourself speed up.
The centaur shoots an arrow.
The arrow hits you.
* * * LOW HITPOINT WARNING * * *
The centaur shoots an arrow.
The arrow hits you!
You die...

Notes
Turn   | Place    | Note
-------+----------+-------------------------------------------
     0 | D:1      | bmfx the Vine Stalker Venom Mage began the quest for the
                  | Orb.
     0 | D:1      | Reached XP level 1. HP: 9/9 MP: 4/4
   215 | D:1      | Reached XP level 2. HP: 10/13 MP: 0/6
   278 | D:1      | Learned a level 2 spell: Poisonous Vapours
  1325 | D:2      | Reached XP level 3. HP: 10/16 MP: 1/8
  2426 | D:1      | Learned a level 3 spell: Ignite Poison
  2497 | D:3      | Noticed a centaur
  2659 | D:4      | Gained mutation: Your natural rate of healing is unusually
                  | fast. [Vine Stalker growth]
  2659 | D:4      | Reached XP level 4. HP: 20/21 MP: 0/10
  2890 | D:4      | Reached skill level 4 in Poison Magic
  2894 | D:4      | Reached skill level 1 in Air Magic
  2917 | D:4      | Reached XP level 5. HP: 24/24 MP: 4/11
  2991 | D:4      | Noticed Blork the orc
  3166 | D:4      | Noticed an ogre
  3179 | D:4      | Killed an ogre
  3179 | D:4      | Reached skill level 5 in Poison Magic
  3179 | D:4      | Reached XP level 6. HP: 28/28 MP: 5/13
  3247 | D:4      | Learned a level 3 spell: Mephitic Cloud
  3261 | D:4      | Found a runed translucent gate.
  3261 | D:4      | Found a runed translucent gate.
  3261 | D:4      | Found a runed translucent gate.
  3261 | D:4      | Noticed whitenoisemaker's ghost (amateur DrTm)
  3347 | D:4      | Killed Blork the orc
  3347 | D:4      | Reached skill level 1 in Conjurations
  3878 | D:5      | Entered Level 5 of the Dungeon
  4172 | D:5      | Noticed an ice beast
  4304 | D:5      | Shot with an arrow by a centaur
